 Dungeon Crawl Stone Soup version 0.27.1-4-g1640c2035a (webtiles) character file.

Game seed: 12503562308035996547

816 BinkBink the Magician (level 7, -6/32 HPs)
             Began as a Spriggan Venom Mage on Nov 5, 2021.
             Was an Initiate of Dithmenos.
             Mangled by a scorpion (8 damage)
             ... on level 7 of the Dungeon.
             The game lasted 00:26:43 (6379 turns).

BinkBink the Magician (Spriggan Venom Mage)         Turns: 6379, Time: 00:26:44

Health: -6/32      AC:  2    Str:  4    XL:     7   Next: 62%
Magic:  3/17       EV: 17    Int: 18    God:    Dithmenos [......]
Gold:   232        SH:  0    Dex: 16    Spells: 13/18 levels left

rFire    + . .     SeeInvis +   p - +3 hunting sling (freeze)
rCold    . . .     Faith    .   (shield restricted)
rNeg     . . .     Spirit   .   a - +0 robe
rPois    .         Reflect  .   (helmet restricted)
rElec    .         Harm     .   (no cloak)
rCorr    .         Rampage  .   (gloves unavailable)
Will     +....                  (boots unavailable)
Stlth    +++.......             (no amulet)
HPRegen  0.10/turn              e - ring of protection from cold
MPRegen  0.15/turn              r - ring of fire

@: very quick
A: very small, no large weapons, unfitting armour, see invisible, speed 3
a: Renounce Religion


You were on level 7 of the Dungeon.
You worshipped Dithmenos.
Dithmenos was noncommittal.
You visited 1 branch of the dungeon, and saw 7 of its levels.

You collected 232 gold pieces.

Inventory:

Hand Weapons
 p - a +3 hunting sling of freezing (weapon)
Armour
 a - a +0 robe (worn)
Magical Staves
 k - a staff of cold
Jewellery
 e - a ring of protection from cold (left hand)
 r - a ring of fire (right hand)
Wands
 s - a wand of iceblast (14)
Scrolls
 b - 2 scrolls of teleportation {unknown}
 c - 2 scrolls of enchant armour {unknown}
 g - a scroll of immolation {unknown}
 h - 4 scrolls of identify {unknown}
 i - a scroll of blinking {unknown}
 m - a scroll of holy word {unknown}
Potions
 d - 3 potions of haste {unknown}
 f - 2 potions of degeneration {unknown}
 j - 3 potions of curing
 l - a potion of heal wounds {unknown}
 n - 2 potions of attraction {unknown}
 o - a potion of lignification {unknown}
 q - a potion of mutation {unknown}


   Skills:
 - Level 2.7 Dodging
 + Level 4.1 Stealth
 + Level 6.0 Spellcasting
 * Level 1.7 Translocations
 + Level 5.0 Transmutations
 * Level 3.3 Air Magic
 + Level 5.0 Poison Magic


You had 13 spell levels left.
You knew the following spells:

 Your Spells              Type           Power      Damage    Failure   Level
a - Sting                 Tmut/Pois      92%        1d7       1%          1
b - Poisonous Vapours     Pois/Air       40%        N/A       3%          2
c - Blink                 Tloc           N/A        N/A       9%          2

Your spell library contained the following spells:

 Spells                   Type           Power      Damage    Failure   Level
 Mephitic Cloud           Conj/Pois/Air  15%        N/A       12%         3
 Olgreb's Toxic Radiance  Pois           23%        N/A       16%         4
 Gell's Gravitas          Tloc           5%         N/A       17%         3
 Lesser Beckoning         Tloc           5%         N/A       17%         3
 Teleport Other           Tloc           11%        N/A       17%         3
 Sublimation of Blood     Necr           2%         N/A       19%         2
 Petrify                  Tmut/Erth      14%        N/A       38%         4
 Irradiate                Conj/Tmut      7%         3d16      75%         5
 Manifold Assault         Tloc           11%        N/A       85%         5
 Dispersal                Tloc           5%         N/A       100%        6
 Storm Form               Tmut/Air       10%        N/A       100%        7


Dungeon Overview and Level Annotations

Branches:
Dungeon (8/15)
 Temple: D:4-7         Lair: D:8-11

Altars:
Cheibriados
Dithmenos
Yredelemnul

Shops:
D:1 =   D:5 *

Annotations:
D:3 2 transporters, Atelerd's ghost, amateur OpEE


Innate Abilities, Weirdness & Mutations

You are very small and have problems with some larger weapons.
You are too small for most types of armour.
You have supernaturally acute eyesight. (SInv)
You cover ground extremely quickly. (Speed+++)


Message History

Your Poison Magic skill increases to level 5!
You see here a potion of curing.
You see here a wand of flame (29).
A centaur skeleton comes into view.
Okay, then.
Casting: Blink (safe; 9% risk of failure)
Confirm with . or Enter, or press ? or * to list all spells.
Aiming: Poisonous Vapours (safe; 3% risk of failure)
Press: ? - help, Dir - move target, f - kobold
Aim: a kobold, wielding a +0 club Poisonous vapours surround the kobold!
The kobold is poisoned.
The centaur skeleton misses you.
The centaur skeleton kicks you but does no damage.
The centaur skeleton completely misses you.
The centaur skeleton barely misses you.
Casting: Poisonous Vapours (safe; 3% risk of failure)
Confirm with . or Enter, or press ? or * to list all spells.
Aiming: Poisonous Vapours (safe; 3% risk of failure)
Press: ? - help, Dir - move target, f - kobold, p - kobold
Aim: a kobold, wielding a +0 short sword Poisonous vapours surround the kobold!
The kobold is poisoned.
The centaur skeleton closely misses you.
The centaur skeleton barely misses you.
You kill the kobold!
Dithmenos accepts your kill.
You kill the kobold!
Dithmenos accepts your kill. The ice beast hits you. The ice beast freezes you!
* * * LOW HITPOINT WARNING * * *
The kobold unwields a +0 short sword.
The kobold wields a +0 hand crossbow.
The kobold shoots a bolt.
The bolt misses you. The kobold brigand barely misses you.
Casting: Poisonous Vapours (safe; 3% risk of failure)
Confirm with . or Enter, or press ? or * to list all spells.
You blink.
The kobold misses you.
You see here a potion of curing.
Found 16 gold pieces.
The kobold throws a stone.
The stone closely misses you.
There is a stone staircase leading up here.
The scorpion stings you!
You die...

##.### #.# #. #.#
##..# #. #.#
.#..# #. #.#####
....###
#.O...###......$
#####.#.........
#)#.........
.#######.##....#
...........@...##
#.........#s....♣
##.........K#...♣
#..#####K#.#.>.♣
#. #..l.K### #.♣
#. #..Y5!+ .♣ .
#...Z.# P #.)Y.K#
≈ #....K#


You could see 2 ice beasts, a scorpion, a white imp, 3 kobolds and a centaur
skeleton.

Vanquished Creatures
  Sigmund (D:2)
  A sky beast (D:5)
  A black bear (D:5)
  An ogre (D:7)
  A scorpion (D:4)
  A hound (D:4)
  Ijyb (D:4)
  Jessica (D:2)
  Natasha (thrice) (D:2)
  A mummy (D:4)
  5 adders
  A white imp (D:5)
  4 worms
  2 dart slugs
  6 orcs (D:4)
  3 ball pythons
  12 endoplasms
  2 giant cockroaches
  9 goblins
  6 hobgoblins
  A jackal (D:2)
  7 kobolds
  2 quokkas
  9 bats
  2 frilled lizards
  6 rats
89 creatures vanquished.

Vanquished Creatures (others)
  A demonic plant (D:1)
1 creature vanquished.

Grand Total: 90 creatures vanquished

Notes
Turn   | Place    | Note
-------+----------+-------------------------------------------
     0 | D:1      | BinkBink the Spriggan Venom Mage began the quest for the
                  | Orb.
     0 | D:1      | Reached XP level 1. HP: 9/9 MP: 5/5
   226 | D:1      | Found a faded altar of an unknown god.
   356 | D:1      | Reached XP level 2. HP: 13/13 MP: 3/6
   534 | D:1      | Reached skill level 3 in Spellcasting
   828 | D:1      | Found Ciliam's Jewellery Boutique.
   972 | D:1      | Reached XP level 3. HP: 16/16 MP: 4/8
  1190 | D:2      | Noticed Sigmund
  1195 | D:2      | Learned a level 2 spell: Poisonous Vapours
  1295 | D:2      | You fall into a shaft and drop 1 floor!
  1356 | D:3      | Found a basalt altar of Yredelemnul.
  1522 | D:3      | Found a transporter.
  1543 | D:3      | Noticed Atelerd's ghost (amateur OpEE)
  1545 | D:3      | Found a transporter.
  2006 | D:2      | Noticed Natasha
  2184 | D:2      | Reached XP level 4. HP: 18/21 MP: 5/10
  2449 | D:2      | Noticed Jessica
  2454 | D:2      | Killed Jessica
  2549 | D:2      | Killed Natasha
  2550 | D:2      | Reached skill level 4 in Spellcasting
  2550 | D:2      | Reached skill level 1 in Air Magic
  2628 | D:2      | Noticed Natasha
  2641 | D:2      | Killed Natasha
  2642 | D:2      | Reached XP level 5. HP: 21/24 MP: 1/12
  2869 | D:2      | Noticed Natasha
  4039 | D:2      | Killed Natasha
  4274 | D:2      | Killed Sigmund
  4275 | D:2      | Reached XP level 6. HP: 6/28 MP: 8/14
  4623 | D:4      | Reached skill level 5 in Spellcasting
  4773 | D:4      | Found a snail-covered altar of Cheibriados.
  5431 | D:4      | Noticed Ijyb
  5454 | D:4      | Killed Ijyb
  5455 | D:4      | Reached XP level 7. HP: 32/32 MP: 8/16
  5886 | D:5      | Entered Level 5 of the Dungeon
  6016 | D:5      | Learned a level 2 spell: Blink
  6109 | D:5      | Found a shadowy altar of Dithmenos.
  6144 | D:5      | Reached skill level 1 in Translocations
  6209 | D:5      | Became a worshipper of Dithmenos the Shadowed
  6255 | D:5      | Found Zinn's Assorted Antiques.
  6280 | D:5      | You fall into a shaft and drop 3 floors!
  6280 | D:8      | Noticed a two-headed ogre
  6347 | D:7      | Reached skill level 6 in Spellcasting
  6347 | D:7      | Reached skill level 5 in Transmutations
  6347 | D:7      | Reached skill level 5 in Poison Magic
  6368 | D:7      | HP: 1/32 [ice beast (12)]
  6379 | D:7      | Mangled by a scorpion

Illustrated notes

Levels and vault maps discovered:
D:1:      lemuel_arrival_broad_hall, layout_basic, shapermc_ecumenical_altar_gd,
          serial_shops, nicolae_shop_waterfront
D:2:      layout_loops_ring, minmay_box_of_dots, uniq_jessica, uniq_natasha,
          uniq_sigmund
D:3:      layout_loops_cross, nicolae_overflow_crystal_walls,
          gammafunk_ghost_mausoleum
D:4:      layout_basic, slow_altar_1, uniq_ijyb
D:5:      layout_cave_pools, lemuel_tele_altar, serial_rivers,
          chequers_serial_rivers_small_3, chequers_serial_rivers_micro_b,
          chequers_serial_rivers_room_a, chequers_serial_rivers_large_b,
          chequers_serial_rivers_small_b, serial_shops, shop_fountains,
          bh_walls_and_bars
D:7:      layout_basic, nemelex_spade_bored_becter, general_overflow_altar,
          serial_bayou_ford_a, minivault_1
D:8:      layout_basic, mainiacjoe_overflow_alcove_1, kennysheep_generic_room_3,
          uniq_maggie

Skill      XL: |  1  2  3  4  5  6  7 |
---------------+----------------------+-----
Spellcasting   | 3 4 5 6 |  6.0
Transmutations | 2 3 4 5 |  5.0
Air Magic      | 1 2 3 |  3.3
Stealth        | 4 |  4.1
Poison Magic   | 4 5 |  5.0
Translocations | 1 |  1.7
Dodging        | |  2.7

Action                   |  1- 3 |  4- 6 |  7- 9 || total
-------------------------+-------+-------+-------++-------
Melee: Unarmed           |     2 |       |       ||     2
 Cast: Sting             |    75 |   139 |    18 ||   232
       Poisonous Vapours |       |     4 |    14 ||    18
       Blink             |       |       |     2 ||     2
Armor: Robe              |     3 |     2 |     1 ||     6
Dodge: Dodged            |    20 |    31 |    18 ||    69
